 Dungeon Crawl Stone Soup version 0.19-a0-1922-g1e9a4c1 (webtiles) character file.

137 Psiweapon the Insei (level 5, -6/37 HPs)
             Began as a Demonspawn Transmuter on Oct 24, 2016.
             Killed from afar by an orc wizard (8 damage)
             ... with a magic dart
             ... on level 4 of the Dungeon.
             The game lasted 00:09:59 (3811 turns).

Psiweapon the Insei (Demonspawn Transmuter)         Turns: 3811, Time: 00:10:00

Health: -6/37      AC:  2    Str: 10      XL:     5   Next: 0%
Magic:  6/8        EV: 17    Int: 13 (15) God:
Gold:   193        SH:  0    Dex: 16 (19) Spells: 1 memorised, 7 levels left

rFire  . . .     SeeInvis .       - Unarmed
rCold  . . .     Gourm    .     i - +0 robe
rNeg   . . .     Faith    .     (no shield)
rPois  .         Spirit   .     (helmet restricted)
rElec  .         Reflect  .     (no cloak)
rCorr  .         Harm     .     (no gloves)
MR     .....                    (no boots)
Stlth  ++........               (no amulet)
                                (no ring)
                                (no ring)

@: agile, very slightly contaminated
A: antennae 2, rot immunity
a: no special abilities


You were on level 4 of the Dungeon.
You were not hungry.

You visited 1 branch of the dungeon, and saw 5 of its levels.

You collected 193 gold pieces.

Inventory:

Hand Weapons
 b - a +0 hunting sling
 f - a cursed -2 short sword
 v - a +0 vampiric dagger
Missiles
 a - 25 arrows
 h - 85 stones (quivered)
Armour
 i - a +0 robe (worn)
 s - a cursed +0 scale mail
Scrolls
 e - 2 scrolls of remove curse {unknown}
 j - a scroll of blinking {unknown}
 m - a scroll of fear {unknown}
 p - 4 scrolls of identify {unknown}
 u - 2 scrolls of noise {unknown}
 w - a scroll of recharging {unknown}
Potions
 k - 2 potions of agility
 l - a potion of degeneration
 q - a potion of might {unknown}
 r - a potion of magic {unknown}
 t - a potion of berserk rage {unknown}
Books
 c - a book of Changes

   Spells                             Type                      Level
   a - Beastly Appendage              Transmutation                1
   b - Sticks to Snakes               Transmutation                2
   c - Spider Form                    Transmutation/Poison         3
   d - Ice Form                       Ice/Transmutation            4
   e - Blade Hands                    Transmutation                5
Comestibles
 d - 2 bread rations
 g - a slice of pizza
 n - 2 meat rations


   Skills:
 - Level 1.0 Fighting
 - Level 1.7 Dodging
 * Level 4.4 Unarmed Combat
 - Level 2.0 Spellcasting
 + Level 3.1 Transmutations


You had 7 spell levels left.
You knew the following spells:

 Your Spells              Type           Power        Failure   Level  Hunger
a - Beastly Appendage     Tmut           #.....       10%         1    ##.....


Dungeon Overview and Level Annotations

Branches:
Dungeon (5/15)
 Temple: D:4-7

Altars:
Trog

Annotations:
D:2 exclusions: door and downstairs
D:3 Sigmund


Innate Abilities, Weirdness & Mutations

You have a pair of antennae on your head.
You are immune to rotting.


Message History

You kill the orc priest!
You feel your strength returning.
You feel your intelligence returning.
Your Transmutations skill increases to level 3!
You have reached level 5!
Your demonic ancestry asserts itself...
You feel immune to rotting. The orc wizard barely misses you. The orc hits you.
* * * LOW HITPOINT WARNING * * *
You feel agile all of a sudden. The orc wizard hits you with a dagger.
* * * LOW HITPOINT WARNING * * *
The orc wizard gestures at you while chanting.
The magic dart hits you!
* * * LOW HITPOINT WARNING * * *
The orc barely misses you. The orc hits you.
* * * LOW HITPOINT WARNING * * *
You miss the orc wizard.
The orc wizard gestures at you while chanting.
The magic dart hits you!
You die...

#.....# #.....#
#.....##
#......#
#......#
#..>...# .
#......# ...
#....o.##.....
#....)@.......
#....oo.......
#.............
#.............
.........[.....
./..............
...(............
(......####....


You could see an orc wizard and 2 orcs.

Vanquished Creatures
  An orc priest (D:4)
  3 adders
  An ooze (D:1)
  2 worms
  3 dart slugs
  A leopard gecko (D:2)
  An orc (D:2)
  A ball python (D:2)
  8 bats
  2 giant cockroaches (D:1)
  6 goblins
  6 hobgoblins
  10 jackals
  2 quokkas (D:2)
  A frilled lizard (D:2)
  6 kobolds
  6 rats
60 creatures vanquished.

Notes
Turn   | Place    | Note
-------+----------+-------------------------------------------
     0 | D:1      | Psiweapon the Demonspawn Transmuter began the quest for the Orb.
     0 | D:1      | Reached XP level 1. HP: 15/15 MP: 3/3
   157 | D:1      | Reached skill level 3 in Unarmed Combat
   318 | D:1      | Gained mutation: You have a pair of small antennae on your head. [demonic ancestry]
   318 | D:1      | Reached XP level 2. HP: 15/21 MP: 5/5
   843 | D:3      | Noticed Sigmund
  1016 | D:1      | Reached XP level 3. HP: 25/26 MP: 4/6
  2441 | D:2      | HP: 1/26 [jackal (2)]
  2442 | D:2      | Gained mutation: You have a pair of antennae on your head. [demonic ancestry]
  2442 | D:2      | Reached XP level 4. HP: 2/32 MP: 5/7
  2771 | D:2      | Found a bloodstained altar of Trog.
  2795 | D:2      | Reached skill level 4 in Unarmed Combat
  3781 | D:5      | Entered Level 5 of the Dungeon
  3788 | D:5      | Noticed a centaur
  3809 | D:4      | Gained mutation: You are immune to rotting. [demonic ancestry]
  3809 | D:4      | Reached XP level 5. HP: 10/37 MP: 6/8
  3811 | D:4      | Killed from afar by an orc wizard

Vault maps used:
D:1:      dpeg_arrival_windows_large_door
D:2:      first_bread, trog_butcher_becter
D:3:      lemuel_round_altar, uniq_natasha, uniq_sigmund, uniq_jessica
D:4:      serial_shops, shop
D:5:      lemuel_insect_pit, nemelex_xobeh_ov_fountains_minmay,
          gammafunk_temple_overflow_forgotten, nicolae_ossuary_entry_plus

Skill      XL: |  1  2  3  4 |
---------------+-------------+-----
Unarmed Combat | 3 4 |  4.4
Transmutations | 2 3 |  3.1
Fighting       | |  1.0
Dodging        | |  1.7
Spellcasting   | |  2.0

Action                   |  1- 3 |  4- 6 || total
-------------------------+-------+-------++-------
Melee: Unarmed           |   109 |    49 ||   158
       Kick              |    17 |     4 ||    21
       Punch             |     1 |       ||     1
 Fire: Hunting sling     |    72 |    21 ||    93
 Cast: Beastly Appendage |    24 |     9 ||    33
  Use: Potion            |       |     4 ||     4
 Stab: Sleeping          |       |     2 ||     2
  Eat: Chunk             |     5 |     5 ||    10
Armor: Robe              |    16 |     2 ||    18
Dodge: Dodged            |    84 |    34 ||   118
